 Dungeon Crawl Stone Soup version 0.26.1-11-gd32895ea62 (webtiles) character file.

Game seed: 14588171332749104513

124916 Tirrikindir the Peltast (level 16, 0/124 HPs)
             Began as an Octopode Fighter on June 10, 2021.
             Was an Initiate of Gozag.
             Slain by an ogre
             ... wielding a +0 giant club
              (7 damage)
             ... while paralysed
             ... on level 2 of the Orcish Mines.
             The game lasted 01:23:10 (31563 turns).

Tirrikindir the Peltast (Octopode Fighter)         Turns: 31563, Time: 01:23:12

Health: 0/124      AC:  1    Str: 20    XL:     16   Next: 94%
Magic:  16/16      EV:  2    Int: 10    God:    Gozag
Gold:   1996       SH:  0    Dex: 20    Spells: 15/15 levels left

rFire    + + .     SeeInvis +   J - +8 scimitar (freeze)
rCold    + . .     Faith    .   b - +3 kite shield
rNeg     . . .     Spirit   .   (helmet restricted)
rPois    .         Reflect  .   (no amulet)
rElec    +         Harm     .   m - ring of see invisible
rCorr    +         Rampage  .   q - +4 ring of slaying
Will     ++...                  K - +4 ring of evasion
Stlth    ++++++....             B - ring of resist corrosion
HPRegen  0.30/turn              C - +6 ring of dexterity
MPRegen  0.15/turn              E - ring of Micvoxoco {rElec rF+}
                                A - ring of willpower
                                M - ring of protection from cold

@: paralysed, gold aura, berserk cooldown, slowed
A: almost no armour, stealthy swim, amphibious, 8 rings, constrict 8, repulsion
field 1, camouflage 1, fire resistance 1, gelatinous body 1
a: Renounce Religion, Potion Petition, Call Merchant, Bribe Branch


You were on level 2 of the Orcish Mines.
You worshipped Gozag.
Gozag was most pleased with you.
You visited 4 branches of the dungeon, and saw 24 of its levels.
You visited 1 bazaar.
You also visited: Sewer and Gauntlet.

You collected 9640 gold pieces.
You spent 2482 gold pieces at shops.
You paid 5162 gold pieces to Gozag.

Inventory:

Hand Weapons
 J - a +8 scimitar of freezing (weapon)
 N - the +12 Vampire's Tooth {vamp}
   (You took it off a kobold demonologist on level 12 of the Dungeon)

   It inflicts no extra harm, but heals its wielder when it wounds a living foe.
Missiles
 l - 93 poisoned darts (quivered)
Armour
 b - a +3 kite shield (worn)
Jewellery
 m - a ring of see invisible (left tentacle)
 q - a +4 ring of slaying (right tentacle)
 v - an uncursed ring of fire
 y - an uncursed ring of flight
 A - a ring of willpower (on tentacle)
 B - a ring of resist corrosion (on tentacle)
 C - a +6 ring of dexterity (on tentacle)
 E - the ring of Micvoxoco (on tentacle) {rElec rF+}
   (You acquired it on level 9 of the Dungeon)

   [ring of protection from fire]

   It protects you from fire.
   It insulates you from electricity.
 K - a +4 ring of evasion (on tentacle)
 M - a ring of protection from cold (on tentacle)
Wands
 g - a wand of paralysis (36)
 k - a wand of digging (12)
 o - a wand of flame (93)
 I - a wand of enslavement (17)
 Q - a wand of acid (6)
 S - a wand of iceblast (7)
Scrolls
 a - a scroll of summoning
 c - a scroll of silence
 d - 6 scrolls of teleportation
 e - 2 scrolls of immolation
 f - 12 scrolls of amnesia
 i - 2 scrolls of magic mapping
 n - 11 scrolls of remove curse
 r - 2 scrolls of fear
 t - 7 scrolls of fog
 u - 5 scrolls of blinking
 F - 2 scrolls of holy word
 G - a scroll of enchant armour
 R - 6 scrolls of identify
Potions
 h - 4 potions of resistance
 j - 4 potions of magic
 w - 5 potions of haste
 x - 4 potions of curing
 z - 4 potions of heal wounds
 D - 8 potions of ambrosia
 H - a potion of mutation
 P - 3 potions of might
 U - a potion of berserk rage
Miscellaneous
 p - a lightning rod (1/4)
 s - a phial of floods
 L - a phantom mirror
 O - a condenser vane


   Skills:
 * Level 15.8 Fighting
 + Level 15.3 Long Blades
 - Level 2.0 Throwing
 + Level 12.5 Dodging
 + Level 11.3 Stealth
 + Level 16.3 Shields
 + Level 9.2 Evocations


You had 15 spell levels left.
You didn't know any spells.
Your spell library contained the following spells:

 Spells                   Type           Power        Failure   Level
 Animate Skeleton         Necr           0%           36%         1
 Apportation              Tloc           0%           36%         1
 Beastly Appendage        Tmut           0%           36%         1
 Corona                   Hex            0%           36%         1
 Foxfire                  Conj/Fire      0%           36%         1
 Freeze                   Ice            0%           36%         1
 Pain                     Necr           0%           36%         1
 Shock                    Conj/Air       0%           36%         1
 Sting                    Tmut/Pois      0%           36%         1
 Summon Small Mammal      Summ           0%           36%         1
 Poisonous Vapours        Pois/Air       0%           50%         2
 Swiftness                Air            0%           50%         2
 Wereblood                Tmut           0%           50%         2
 Confusing Touch          Hex            0%           75%         3
 Conjure Flame            Conj/Fire      0%           75%         3
 Dazzling Flash           Conj/Hex       0%           75%         3
 Frozen Ramparts          Ice            0%           75%         3
 Gell's Gravitas          Tloc           0%           75%         3
 Ignite Poison            Fire/Tmut/Pois 0%           75%         3
 Inner Flame              Hex/Fire       0%           75%         3
 Mephitic Cloud           Conj/Pois/Air  0%           75%         3
 Ozocubu's Armour         Ice            0%           75%         3
 Spider Form              Tmut/Pois      0%           75%         3
 Static Discharge         Conj/Air       0%           75%         3
 Vampiric Draining        Necr           0%           75%         3
 Airstrike                Air            0%           98%         4
 Animate Dead             Necr           0%           98%         4
 Hailstorm                Conj/Ice       0%           98%         4
 Ice Form                 Ice/Tmut       0%           98%         4
 Iskenderun's Mystic Bla  Conj/Tloc      0%           98%         4
 Olgreb's Toxic Radiance  Pois           0%           98%         4
 Petrify                  Tmut/Erth      0%           98%         4
 Sticky Flame             Conj/Fire      0%           98%         4
 Summon Ice Beast         Ice/Summ       0%           98%         4
 Agony                    Necr           0%           100%        5
 Blade Hands              Tmut           0%           100%        5
 Bolt of Magma            Conj/Fire/Erth 0%           100%        5
 Borgnjor's Vile Clutch   Necr/Erth      0%           100%        5
 Fireball                 Conj/Fire      0%           100%        5
 Iskenderun's Battlesphe  Conj           0%           100%        5
 Lightning Bolt           Conj/Air       0%           100%        5
 Metabolic Englaciation   Hex/Ice        0%           100%        5
 Yara's Violent Unravell  Hex/Tmut       0%           100%        5
 Death Channel            Necr           0%           100%        6
 Freezing Cloud           Conj/Ice/Air   0%           100%        6
 Iron Shot                Conj/Erth      0%           100%        6
 Ozocubu's Refrigeration  Ice            0%           100%        6
 Simulacrum               Ice/Necr       0%           100%        6
 Orb of Destruction       Conj           0%           100%        7
 Spellforged Servitor     Conj/Summ      0%           100%        7


Dungeon Overview and Level Annotations

Branches:
Dungeon (15/15)            Temple (1/1) D:5            Lair (6/6) D:9
 Shoals (0/4) Lair:3        Snake (0/4) Lair:3        Slime (0/5) Lair:6
    Orc (2/2) D:9             Elf (0/3) Orc:2        Vaults (0/5) D:14
 Depths (0/5) D:15          Sewer (visited)         Gauntlet (visited)

Altars:
Ashenzari
Cheibriados
Dithmenos
Elyvilon
Fedhas
Gozag
Hepliaklqana
Kikubaaqudgha
Makhleb
Nemelex Xobeh
Okawaru
Qazlal
Ru
Sif Muna
Trog
Uskayaw
Vehumet
Wu Jian
Xom
Yredelemnul
Zin
The Shining One
Beogh
Jiyva

Shops:
D:9 ([(:*(   D:13 *


Innate Abilities, Weirdness & Mutations

You cannot wear most types of armour.
You are very stealthy in the water. (Stealth+)
You are amphibious.
You can wear up to eight rings at the same time.
You can use your tentacles to constrict eight enemies at once.
Your skin changes colour to match your surroundings (Stealth+).
Your rubbery body absorbs attacks. (AC +1, EV +1)
You are surrounded by a mild repulsion field. (EV +2)
Your flesh is heat resistant. (rF+)


Message History

The orc knight becomes distracted by the nearby gold, dreaming of imaginary riches.
The orc wizard becomes distracted by the nearby gold, dreaming of imaginary riches.
The orc wizard is no longer distracted by gold.
The orc warrior hits you with a +0 hand axe!
* * * LOW HITPOINT WARNING * * *
The orc becomes distracted by the nearby gold, dreaming of imaginary riches.
The orc wizard casts a spell.
The orc wizard seems to speed up.
An orc comes into view.
The orc warrior becomes distracted by the nearby gold, dreaming of imaginary riches.
The orc warrior hits you with a +0 morningstar.
* * * LOW HITPOINT WARNING * * *
The orc shouts!
The orc warrior is no longer distracted by gold.
The orc is no longer distracted by gold.
The orc warrior hits you with a +0 hand axe!!
* * * LOW HITPOINT WARNING * * *
The ogre hits you with a +0 giant club!
You die...
Your body crumbles into a pile of gold.

....#.##.#........#
......o..........#......
.....o..........# #.....
....ooo.^......# #....
.....oo #.....## ##....
.....#o####.....# #.....
....#o..##...)[.###<....
......ooo$...#)).......#
#...oO@$$.##..)......##
......##$###...).)......
.......$..###.###.....##
...........#### #.#.####
..........## ##### ##
#....##...# #. ##..#
...## ##. #. ... #.##
#...#. #. ## #....


You could see an orc knight, an orc sorcerer (strong), 4 orc warriors, an ogre,
3 orc wizards and 4 orcs.

Vanquished Creatures
  Jorgrun (D:14)
  A frost giant (D:13)
  An orc warlord (Orc:2)
  Nessos (Lair:5)
  2 dire elephants
  A death ooze (Gauntlet)
  A deep elf high priest (D:13)
  3 yaktaur captains
  Josephine (D:14)
  3 boulder beetles
  13 hydras
  4 centaur warriors
  11 two-headed ogres
  4 catoblepae
  4 death yaks
  A deep troll shaman (Lair:6)
  A vampire mage (D:14)
  2 ogre magi
  A tengu warrior (D:14)
  3 orc high priests
  5 lindwurms
  A phantasmal warrior (D:13)
  A deep elf mage (D:14)
  An orc sorcerer (Orc:2)
  8 orc knights
  5 ugly things
  3 cyclopes
  A manticore (shapeshifter) (Gauntlet)
  5 black mambas
  36 elephants
  3 centaur zombies
  Joseph (Lair:1)
  A guardian serpent (shapeshifter) (D:14)
  An ice statue (Gauntlet)
  4 centaur skeletons
  3 gargoyles
  24 cane toads
  A torpor snail (Lair:6)
  2 kobold demonologists (D:12)
  8 rime drakes
  A minotaur zombie (Gauntlet)
  4 yaktaurs
  8 komodo dragons
  2 tengu conjurers (D:11)
  3 meliai (Lair:5)
  8 trolls
  A polar bear (Lair:3)
  2 hornets
  5 slime creatures
  A queen bee (Lair:5)
  Prince Ribbit (D:9)
  20 blink frogs
  A redback (D:13)
  6 wyverns
  A spriggan (Lair:3)
  64 yaks
  5 shadows
  2 vampires (D:13)
  8 basilisks
  9 wraiths
  10 vampire mosquitoes
  5 wargs
  2 acid dragons
  4 nagas (Lair:3)
  9 water moccasins
  38 orc warriors
  5 ice beasts
  4 sky beasts
  A black bear (shapeshifter) (Gauntlet)
  A necrophage (D:10)
  5 phantoms
  7 black bears
  12 ogres
  6 wolves
  A wolf (shapeshifter) (Gauntlet)
  4 boggarts (D:14)
  4 big kobolds
  7 centaurs
  17 bullfrogs
  A wyvern zombie (D:10)
  A wyvern skeleton (D:12)
  4 scorpions
  A water moccasin skeleton (D:9)
  31 killer bees (Lair:5)
  7 electric eels
  27 wights
  4 howler monkeys
  3 bullfrog zombies
  5 hounds
  8 jellies
  A gnoll shaman (D:5)
  22 orc priests
  A water moccasin simulacrum (D:9)
  21 orc wizards
  4 iguanas
  6 worker ants
  A hell rat (Lair:5)
  A centaur simulacrum (D:9)
  A hound zombie (D:9)
  2 worker ant zombies
  7 gnolls
  A howler monkey skeleton (D:9)
  15 adders
  5 river rats
  3 shadow imps
  7 white imps
  A worker ant simulacrum (D:9)
  3 ufetubi (D:9)
  7 oozes
  An adder zombie (D:9)
  2 worms (Sewer)
  2 dart slugs (D:1)
  7 leopard geckos
  91 orcs
  6 giant cockroaches
  7 goblins
  7 hobgoblins
  7 jackals
  6 quokkas
  9 ball pythons
  8 bats
  5 frilled lizards (D:1)
  17 kobolds
  A quokka simulacrum (D:9)
  A quokka skeleton (D:4)
  16 rats
  4 butterflies (D:4)
865 creatures vanquished.

Vanquished Creatures (collateral kills)
  A minotaur (Gauntlet)
  A minotaur zombie (Gauntlet)
2 creatures vanquished.

Vanquished Creatures (others)
  A quokka (D:15)
  88 fungi
  181 plants
270 creatures vanquished.

Grand Total: 1137 creatures vanquished

Notes
Turn   | Place    | Note
-------+----------+-------------------------------------------
     0 | D:1      | Tirrikindir the Octopode Fighter began the quest for the
                  | Orb.
     0 | D:1      | Reached XP level 1. HP: 16/16 MP: 1/1
    68 | D:1      | Reached XP level 2. HP: 12/21 MP: 2/2
   249 | D:1      | Reached skill level 1 in Stealth
   384 | D:1      | Reached XP level 3. HP: 24/26 MP: 3/3
  1356 | D:2      | Found a blossoming altar of Fedhas.
  1661 | D:3      | Reached XP level 4. HP: 31/31 MP: 4/4
  2591 | D:4      | Reached XP level 5. HP: 32/36 MP: 5/5
  2753 | D:4      | Found a hazy altar of Hepliaklqana.
  3099 | D:4      | Reached XP level 6. HP: 33/43 MP: 6/6
  3513 | D:5      | Entered Level 5 of the Dungeon
  3594 | D:5      | Noticed a phantom
  3862 | D:5      | Killed a phantom
  3863 | D:5      | Reached skill level 4 in Shields
  3863 | D:5      | Reached XP level 7. HP: 27/48 MP: 7/7
  3944 | D:5      | Reached skill level 5 in Long Blades
  4445 | D:5      | Found a staircase to the Ecumenical Temple.
  4454 | Temple   | Entered the Ecumenical Temple
  4580 | Temple   | Became a worshipper of Gozag Ym Sagoz the Greedy
  5056 | D:6      | Found a glowing drain.
  5071 | Sewer    | Entered a sewer
  5856 | Sewer    | Reached XP level 8. HP: 54/54 MP: 8/8
  6142 | D:6      | Gained mutation: Your flesh is heat resistant. (rF+)
                  | [potion of mutation]
  6142 | D:6      | Gained mutation: You are surrounded by a mild repulsion
                  | field. (EV +2) [potion of mutation]
  6382 | D:6      | Reached skill level 1 in Evocations
  6397 | D:6      | Reached skill level 1 in Throwing
  6406 | D:6      | Identified a scroll of acquirement
  6406 | D:6      | Acquired a manual of Fighting
  6828 | D:7      | Found a hide-covered altar of Uskayaw.
  6902 | D:7      | Found a snail-covered altar of Cheibriados.
  6914 | D:7      | Reached XP level 9. HP: 59/59 MP: 9/9
  6942 | D:7      | Noticed a hornet
  6951 | D:7      | Paralysed by a hornet for 2 turns
  6952 | D:7      | HP: 2/59 [hornet (1)]
  6955 | D:7      | Killed a hornet
  6956 | D:7      | Reached skill level 5 in Fighting
  7257 | D:7      | Reached skill level 5 in Dodging
  7257 | D:7      | Reached skill level 5 in Stealth
  7257 | D:7      | Reached skill level 5 in Shields
  7416 | D:7      | Found a radiant altar of Vehumet.
  7417 | D:7      | Found an iron altar of Okawaru.
  7680 | D:7      | Found a bloodstained altar of Trog.
  7682 | D:7      | Found a white marble altar of Elyvilon.
  7901 | D:7      | Found a stormy altar of Qazlal.
  8296 | D:8      | Noticed a two-headed ogre
  8831 | D:8      | Found a broken altar of Ashenzari.
  8847 | D:8      | Killed a two-headed ogre
  8848 | D:8      | Reached skill level 6 in Shields
  8848 | D:8      | Reached XP level 10. HP: 59/71 MP: 10/10
  9560 | D:9      | Found a staircase to the Orcish Mines.
  9609 | D:9      | Acquired a +6 ring of dexterity
  9612 | D:9      | Acquired the ring of Micvoxoco {rElec rF+}
  9615 | D:9      | Acquired a manual of Shields
  9638 | D:9      | Noticed a two-headed ogre
  9647 | D:9      | Killed a two-headed ogre
  9648 | D:9      | Reached skill level 7 in Shields
  9648 | D:9      | Found a staircase to the Lair.
 10536 | D:9      | Noticed a two-headed ogre
 10540 | D:9      | Noticed a two-headed ogre
 10569 | D:9      | Killed a two-headed ogre
 10570 | D:9      | Reached skill level 8 in Shields
 10574 | D:9      | Killed a two-headed ogre
 10575 | D:9      | Reached skill level 10 in Long Blades
 10575 | D:9      | Reached XP level 11. HP: 80/80 MP: 11/11
 10635 | D:9      | Noticed Prince Ribbit
 10636 | D:9      | Found an ornate altar of the Wu Jian Council.
 10643 | D:9      | Killed Prince Ribbit
 10934 | D:9      | Bought a glowing scimitar for 231 gold pieces
 10961 | D:10     | Entered Level 10 of the Dungeon
 11225 | D:10     | Reached skill level 9 in Shields
 11428 | D:10     | Found a bloodstained altar of Trog.
 11753 | D:10     | Reached skill level 10 in Fighting
 11805 | D:10     | Reached skill level 5 in Evocations
 12577 | D:11     | Reached skill level 10 in Shields
 12588 | D:11     | Reached XP level 12. HP: 74/89 MP: 12/12
 12744 | D:11     | Noticed an eight-headed hydra
 12748 | D:11     | Killed an eight-headed hydra
 13030 | D:9      | Bought a shimmering dagger for 112 gold pieces
 13030 | D:9      | Identified the +7 dagger "Hozxe Fum" {flame, Int+2} (You
                  | bought it in a shop on level 9 of the Dungeon)
 13191 | D:12     | Found a flickering gateway to a bazaar.
 13353 | Bazaar   | Entered a bazaar
 13591 | Bazaar   | Found Susti Waxzeo's Weapon Boutique.
 13595 | Bazaar   | Found Vaod's Antique Weapon Boutique.
 13595 | Bazaar   | Found Obiadono's General Store.
 13595 | Bazaar   | Found Ciassucs's Weapon Boutique.
 13625 | Bazaar   | Bought a wand of enslavement (4) for 78 gold pieces
 13625 | Bazaar   | Bought a potion of heal wounds for 65 gold pieces
 14109 | D:12     | Noticed a boulder beetle
 14114 | D:12     | Noticed a two-headed ogre
 14135 | D:12     | Killed a two-headed ogre
 14188 | D:12     | Killed a boulder beetle
 14225 | D:12     | Noticed a two-headed ogre
 14238 | D:12     | Killed a two-headed ogre
 14287 | D:12     | Reached skill level 11 in Shields
 14498 | D:12     | Noticed an ogre mage
 14513 | D:12     | Killed an ogre mage
 14535 | D:12     | Identified the Volume of Conjuration
 15106 | D:12     | Noticed a boulder beetle
 15119 | D:12     | Killed a boulder beetle
 15731 | D:12     | Found a sacrificial altar of Ru.
 15843 | Lair:1   | Entered Level 1 of the Lair of Beasts
 15861 | Lair:1   | Found a gate leading to a gauntlet.
 15877 | Gauntlet | Entered a Gauntlet
 15877 | Gauntlet | Found a transporter.
 15877 | Gauntlet | Found a transporter.
 15877 | Gauntlet | Found a transporter.
 15877 | Gauntlet | Noticed a death ooze
 15886 | Gauntlet | Found a runed translucent door.
 15889 | Gauntlet | Found a transporter.
 15890 | Gauntlet | Found a transporter.
 15905 | Gauntlet | Found a transporter.
 15905 | Gauntlet | Found a transporter.
 15923 | Gauntlet | Found a transporter.
 15936 | Gauntlet | Noticed a death ooze
 15936 | Gauntlet | Found a transporter.
 15944 | Gauntlet | Found a transporter.
 15945 | Gauntlet | Found a transporter.
 15961 | Gauntlet | Found a transporter.
 15992 | Gauntlet | Noticed a two-headed ogre
 15992 | Gauntlet | a torpor snail changed into a two-headed ogre
 16002 | Gauntlet | a two-headed ogre changed into a torpor snail
 16238 | Gauntlet | Reached XP level 13. HP: 52/97 MP: 13/13
 16471 | Gauntlet | Killed a death ooze
 16472 | Gauntlet | Reached skill level 12 in Shields
 16624 | Gauntlet | Identified the +4 hand axe "Joung" {flame, rF+ Int+6}
 16624 | Gauntlet | Noticed a minotaur
 16625 | Gauntlet | Found the +4 dagger "Morg" {pain, Will+ Int+5}
 16632 | Gauntlet | Killed a minotaur
 17057 | Lair:1   | Noticed Joseph
 17065 | Lair:1   | Killed Joseph
 17074 | Lair:1   | Reached skill level 10 in Dodging
 17081 | Lair:1   | Reached skill level 10 in Stealth
 18970 | Lair:3   | Reached XP level 14. HP: 65/106 MP: 14/14
 19224 | Lair:3   | Found a staircase to the Snake Pit.
 19376 | Lair:3   | Found a staircase to the Shoals.
 19643 | Lair:3   | Reached skill level 13 in Shields
 19800 | Lair:3   | Noticed a dire elephant
 19817 | Lair:3   | Killed a dire elephant
 20314 | D:9      | Bought a jewelled long sword for 280 gold pieces
 20314 | D:9      | Identified the +1 long sword of the Eternal Warrior {drain,
                  | Stlth+} (You bought it in a shop on level 9 of the Dungeon)
 21973 | Lair:5   | Reached XP level 15. HP: 58/114 MP: 15/15
 22344 | Lair:5   | Reached skill level 14 in Shields
 22450 | Lair:5   | Noticed Nessos
 22471 | Lair:5   | Killed Nessos
 24345 | D:13     | Reached skill level 15 in Fighting
 24605 | D:13     | Noticed a frost giant
 24614 | D:13     | Killed a frost giant
 25001 | D:13     | Found Xehal's Blood Bar.
 25148 | D:9      | Bought a scroll of acquirement for 1716 gold pieces
 25148 | D:9      | Acquired 868 gold pieces
 25375 | D:14     | Found a gate to the Vaults.
 25388 | D:14     | You fall into a shaft and drop 1 floor!
 25388 | D:15     | Entered Level 15 of the Dungeon
 25688 | D:15     | Reached skill level 15 in Long Blades
 25703 | D:15     | Reached skill level 15 in Shields
 25997 | D:15     | Found a glowing golden altar of the Shining One.
 26071 | D:14     | Noticed Jorgrun
 26082 | D:14     | Killed Jorgrun
 26381 | D:14     | Noticed Josephine
 26402 | D:14     | Killed Josephine
 26405 | D:14     | Reached XP level 16. HP: 33/122 MP: 16/16
 27134 | D:14     | Found a burning altar of Makhleb.
 27143 | D:14     | Reached skill level 16 in Shields
 27143 | D:14     | Found a glowing golden altar of the Shining One.
 27619 | D:15     | Found a staircase to the Depths.
 27868 | D:15     | Found a white marble altar of Elyvilon.
 28613 | Lair:6   | Entered Level 6 of the Lair of Beasts
 29435 | Lair:6   | Found a viscous altar of Jiyva.
 29435 | Lair:6   | Found a staircase to the Slime Pits.
 30419 | Orc:1    | Entered Level 1 of the Orcish Mines
 30529 | Orc:1    | Found a roughly hewn altar of Beogh.
 30784 | Orc:2    | Entered Level 2 of the Orcish Mines
 30787 | Orc:2    | Found a staircase to the Elven Halls.
 30819 | Orc:2    | Found a roughly hewn altar of Beogh.
 31563 | Orc:2    | Slain by an ogre

Illustrated notes

Levels and vault maps discovered:
D:1:      tarquinn_simple_flora_water_e, layout_rooms, hex_large
D:2:      layout_basic, fedhas_altar_4
D:3:      layout_basic
D:4:      layout_basic, kennysheep_mini, hangedman_glass_garden
D:5:      layout_basic, temple_pool_b
D:6:      minmay_skewed_foursquare, layout_rooms, portal_sewer_entry_e
D:7:      layout_loops_ring, general_overflow_altar,
          chequers_temple_overflow_statue_of_worship,
          nicolae_overflow_crystal_walls, gammafunk_temple_overflow_statue,
          cheibriados_altar_1
D:8:      layout_basic, ashenzari_conservatory_becter
D:9:      minmay_angry_zag, layout_rooms, nzn_wu_jian_contemplation,
          david_lair_generic, orc_0_dummy, serial_ice, serial_ice_d,
          serial_ice_e, serial_ice_o, serial_ice_k, serial_ice_f,
          uniq_prince_ribbit1
D:10:     layout_irregular_city, lemuel_statue_altar
D:11:     layout_roguey
D:12:     minmay_the_grid_triangle_9x9_rhombus_full_mashed
          [minmay_the_grid_triangle_9x9_zippers_horizontal,
          minmay_the_grid_triangle_9x9_checkered,
          minmay_the_grid_triangle_9x9_zippers_vertical,
          minmay_the_grid_triangle_9x9_alien,
          minmay_the_grid_triangle_9x9_longest,
          minmay_the_grid_triangle_9x9_impossible_snake,
          minmay_the_grid_triangle_9x9_steps,
          minmay_the_grid_triangle_9x9_prize_insulated], layout_basic,
          serial_shops, freezing_bzr, nicolae_ru_the_path_less_chosen
D:13:     minmay_shrinking_squares, layout_loops_ring, guppyfry_shop_blood
D:14:     layout_grid_maze, david_vaults_2, minmay_stone_trees_small,
          nzn_life_drinkers, uniq_jorgrun, uniq_josephine
D:15:     grunt_enter_depths_snipers, layout_irregular_city, elyvilon_altar_4,
          tso_altar
Temple:   nicolae_temple_figure_eight
Lair:1:   layout_gridlike, gauntlet_entry_generic, minivault_26,
          grunt_megastairs_1, uniq_joseph
Lair:2:   layout_roguey, serial_bayou_lake_a
Lair:3:   mu_elephants_graveyard, layout_concentric_octagons,
          elwin_shoals_entry_rocks, guppyfry_snake_entry_garden,
          lemuel_fruit_tree
Lair:4:   layout_small_grid, serial_bayou_shore_a
Lair:5:   regret_index_bee_streams, layout_cave_pods, serial_bayou,
          serial_bayou_pond_e, serial_bayou_shore_b, serial_bayou_pond_e,
          serial_bayou_ford_a, serial_bayou_lagoon_b, serial_bayou_crossing,
          uniq_nessos
Lair:6:   grunt_lair_end_beastmaster, layout_gridlike,
          dpeg_slime_entry_enclosed_altar, minmay_lindwurm_lava
Orc:1:    layout_caves, minmay_orc_temple_a
Orc:2:    st_orc_pillars, layout_diamond_mine, basic_altar, serial_shops, shop,
          minmay_orc_treasury

Skill      XL: |  1  2  3  4  5  6  7  8  9 10 11 12 13 14 15 16 |
---------------+-------------------------------------------------+-----
Stealth        | 1 2 3 4 6 7 8 9 10 11 | 11.3
Long Blades    | 3 4 7 8 9 10 11 12 13 15 | 15.3
Fighting       | 4 7 9 10 12 13 14 15 | 15.8
Dodging        | 4 6 7 8 9 10 12 | 12.5
Shields        | 4 6 8 10 11 12 13 15 16 | 16.3
Evocations     | 1 3 4 5 6 7 8 9 |  9.2
Throwing       | 1 2 |  2.0

Action                   |  1- 3 |  4- 6 |  7- 9 | 10-12 | 13-15 | 16-18 || total
-------------------------+-------+-------+-------+-------+-------+-------++-------
Melee: Long sword        |    73 |   100 |   224 |   132 |       |       ||   529
       Constrict         |    22 |    29 |    59 |    84 |   119 |    85 ||   398
       Tentacles         |    18 |    12 |    53 |   146 |   314 |   139 ||   682
       Scimitar          |       |       |       |   316 |   772 |   398 ||  1486
       Short sword       |       |       |       |     1 |       |       ||     1
       Quick blade       |       |       |       |       |    33 |    17 ||    50
Throw: Dart              |       |     2 |    20 |    24 |    30 |    14 ||    90
Invok: Potion Petition   |       |       |     1 |       |       |       ||     1
       Call Merchant     |       |       |       |     2 |     2 |     2 ||     6
 Abil: Evoke Flight      |       |       |       |       |       |     1 ||     1
Evoke: Wand              |       |       |       |    14 |       |     3 ||    17
       Phantom mirror    |       |       |       |       |     1 |       ||     1
       Lightning rod     |       |       |       |       |       |     4 ||     4
       Condenser vane    |       |       |       |       |       |     1 ||     1
  Use: Scroll            |       |    11 |    13 |    16 |     6 |     1 ||    47
       Potion            |       |     2 |     6 |     3 |     3 |     1 ||    15
 Stab: Sleeping          |     4 |     6 |    22 |    16 |    32 |    11 ||    91
       Distracted        |       |       |     1 |     5 |    15 |     3 ||    24
       Paralysed         |       |       |       |     4 |       |       ||     4
       Petrified         |       |       |       |       |       |     3 ||     3
Armor: Skin              |     7 |     2 |     7 |     4 |     6 |     2 ||    28
Dodge: Dodged            |    21 |    26 |    79 |   151 |   348 |   179 ||   804
Block: Kite shield       |    32 |    38 |    83 |   186 |   508 |   263 ||  1110
       Rpst.: Long sword |     4 |     8 |    24 |    16 |       |       ||    52
       Scimitar          |       |       |       |    24 |    72 |    37 ||   133
